 Dungeon Crawl Stone Soup version 0.31-a0-728-g01b46875f1 (webtiles) character file.

Game seed: 17966696402348351398

1493 Dirtsage the Ruffian (level 8, -2/62 HPs)
             Began as a Demonspawn Shapeshifter on Sept 11, 2023.
             Slain by a boulder beetle (8 damage)
             ... on level 6 of the Dungeon.
             The game lasted 00:10:07 (5063 turns).

Dirtsage the Ruffian (Demonspawn Shapeshifter)      Turns: 5063, Time: 00:10:08

Health: -2/62      AC:  8    Str: 17    XL:     8   Next: 51%
Magic:  8/8        EV:  7    Int: 11    God:
Gold:   139        SH:  4    Dex: 13    Spells: 7/7 levels left

rFire   . .          .
                       - Unarmed
rCold   . . .        (no shield)
rNeg    . . .        p - +0 chain mail
rPois   .            (helmet currently unavailable)
rElec   .            (cloak currently unavailable)
rCorr   .            (gloves currently unavailable)
SInv    +            (boots currently unavailable)
Will    .....        E - amulet of faith Stlth
                     S - ring of see invisible
HPRegen 0.30/turn    s - ring of flight
MPRegen 0.11/turn

%: faith
@: beast-form, flying, studying 2 skills
A: beast (slay +2), hooves 2, demonic guardian 1, condensation shield
a: Begin Untransformation


You were on level 6 of the Dungeon.
You were a hulking beast.
You visited 1 branch of the dungeon, and saw 6 of its levels.

You collected 139 gold pieces.

Inventory:

Armour
 g - a +0 ring mail
 p - a +0 chain mail (worn)
 t - a +0 helmet
 x - a +0 scale mail
 y - a +0 troll leather armour {Pargi}
 z - a +0 pair of boots
 F - a +0 kite shield
Magical Staves
 u - a staff of air
Jewellery
 j - a ring of magical power
 s - a ring of flight (right hand)
 E - an amulet of faith (around neck)
 G - a +6 ring of dexterity
 S - a ring of see invisible (left hand)
Talismans
 c - a beast talisman (active)
 d - a flux talisman
Wands
 n - a wand of quicksilver (5)
 o - a wand of flame (12)
Scrolls
 k - 2 scrolls of noise
 m - 2 scrolls of vulnerability
 r - a scroll of amnesia
 v - a scroll of brand weapon
 A - a scroll of revelation
 B - 2 scrolls of blinking
Potions
 a - a potion of berserk rage {unknown}
 e - 4 potions of degeneration {unknown}
 f - 2 potions of magic {unknown}
 i - a potion of resistance {unknown}
 l - 2 potions of heal wounds
 q - a potion of curing
 w - a potion of brilliance {unknown}
 D - a potion of might {unknown}


   Skills:
 + Level 5.3 Fighting
 - Level 1.7 Dodging
 * Level 7.4 Unarmed Combat
 + Level 5.1 Shapeshifting


You had 7 spell levels left.
You didn't know any spells.
Your spell library contained the following spells:

 Spells                   Type           Power      Damage    Failure   Level
 Apportation              Tloc           0%         N/A       99%         1
 Foxfire                  Conj/Fire      0%         2x1d4     99%         1
 Cigotuvi's Dreadful Rot  Necr/Pois/Air  0%         N/A       100%        2
 Summon Guardian Golem    Hex/Summ       0%         N/A       100%        3
 Dispel Undead            Necr           0%         3d6       100%        4
 Death Channel            Necr           0%         N/A       100%        6
 Plasma Beam              Fire/Air       0%         2x1d10    100%        6
 Starburst                Conj/Fire      0%         6d3       100%        6


Dungeon Overview and Level Annotations

Branches:
Dungeon (6/15)
 Temple: D:4-7

Altars:
Gozag
Qazlal
Ru

Annotations:
D:5 2 transporters


Innate Abilities, Weirdness & Mutations

You are a hulking beast.
Your limbs bulge with bestial killing power. (Slay +2)
You have hoof-like feet.
A weak demonic guardian rushes to your aid.
A meltable shield of frost defends you. (SH +4)


Message History

You feel better.
Your white imp gestures at the boulder beetle.
The puff of frost hits the boulder beetle but does no damage.
You regained 11 hp, and now have 14/62 hp.
Your white imp gestures at the boulder beetle.
The puff of frost hits the boulder beetle but does no damage.
The boulder beetle completely misses your white imp.
The boulder beetle stops rolling and uncurls.
Your white imp gestures at the boulder beetle.
The puff of frost hits the boulder beetle but does no damage.
The boulder beetle bites your white imp!
Your white imp dies!
Your white imp disappears in a puff of smoke!
Aiming: Throw Flame
Press: ? - help, Shift-Dir - straight line, f/p - boulder beetle
Aim: a boulder beetle (severely wounded, unaware, hasn't noticed you, 100% to hit)
The puff of flame hits the boulder beetle but does no damage.
The boulder beetle is severely wounded.
You hit the boulder beetle.
The boulder beetle is severely wounded.
The boulder beetle bites you.
* * * LOW HITPOINT WARNING * * *
You take 4 damage, and have 11/62 hp.
You hit the boulder beetle but do no damage.
The boulder beetle is severely wounded.
The boulder beetle barely misses you.
You punch the boulder beetle! You kick the boulder beetle!
Your punch misses the boulder beetle.
The boulder beetle is almost dead.
The boulder beetle leaps!
The boulder beetle attacks as it pursues you!
The boulder beetle bites you.
* * * LOW HITPOINT WARNING * * *
A demonic guardian appears!
You take 6 damage, and have 6/62 hp.
You hit the boulder beetle but do no damage.
You kick the boulder beetle, but do no damage.
The boulder beetle is almost dead.
The boulder beetle bites you!
You die...

####+#............
#.................
#.................
#...............#
#########...............#
#.............######+####
#.#######.).).#...#
#.#......5.)..'...#
###...##.##h....#...+
#....#.#..B#....#...#
##.#..##..##.#...#...#
#....#..###.##...#...#
##...#.###..#.....#...#
#...#.##..##......#...#
#.#...............#...#
#....########.....#
###### .....#


You could see a boulder beetle (ally target) and a friendly iron imp (summoned).

Vanquished Creatures
  A troll (D:6)
  Grinder (D:4)
  Pargi (D:3)
  3 black bears (D:5)
  A bullfrog (D:4)
  A scorpion (D:6)
  2 hounds
  3 orc priests
  An iguana (D:5)
  Natasha (D:2)
  Terence (D:2)
  A sleepcap (D:6)
  4 orc wizards
  9 gnolls
  2 adders
  A white imp (D:5)
  An ufetubus (D:6)
  A worm (D:4)
  17 orcs
  5 endoplasms
  5 giant cockroaches
  6 goblins
  12 hobgoblins
  4 jackals (D:5)
  3 quokkas
  11 ball pythons
  7 bats
  9 frilled lizards
  4 kobolds
  6 rats
124 creatures vanquished.

Vanquished Creatures (collateral kills)
  An orc wizard (D:4)
  A bat (D:2)
2 creatures vanquished.

Grand Total: 126 creatures vanquished

Notes
Turn   | Place    | Note
-------+----------+-------------------------------------------
     0 | D:1      | Dirtsage the Demonspawn Shapeshifter began the quest for
                  | the Orb.
     0 | D:1      | Reached XP level 1. HP: 15/15 MP: 1/1
   164 | D:1      | Reached skill level 3 in Unarmed Combat
   166 | D:1      | Gained mutation: A weak demonic guardian rushes to your
                  | aid. [demonic ancestry]
   166 | D:1      | Reached XP level 2. HP: 15/21 MP: 2/2
   211 | D:1      | Found a faded altar of an unknown god.
   263 | D:1      | Got the Codex of Enchanting Orientation
   955 | D:2      | Gained mutation: A meltable shield of frost defends you.
                  | (SH +4) [demonic ancestry]
   955 | D:2      | Reached XP level 3. HP: 21/27 MP: 3/3
  1148 | D:2      | Reached XP level 4. HP: 33/33 MP: 4/4
  1466 | D:2      | Noticed Terence
  1475 | D:2      | Killed Terence
  1476 | D:2      | Reached skill level 4 in Unarmed Combat
  1841 | D:2      | Noticed Natasha
  1850 | D:2      | Killed Natasha
  1851 | D:2      | Reached XP level 5. HP: 25/39 MP: 5/5
  2778 | D:3      | Noticed Pargi
  2803 | D:3      | Killed Pargi
  2804 | D:3      | Reached XP level 6. HP: 26/47 MP: 6/6
  2891 | D:3      | Found an opulent altar of Gozag.
  2934 | D:3      | Found a stormy altar of Qazlal.
  3154 | D:4      | Reached skill level 5 in Unarmed Combat
  3221 | D:4      | Noticed Grinder
  3231 | D:4      | Killed Grinder
  3232 | D:4      | Gained mutation: You have large cloven feet. [demonic
                  | ancestry]
  3232 | D:4      | Reached XP level 7. HP: 29/52 MP: 7/7
  4036 | D:5      | Entered Level 5 of the Dungeon
  4053 | D:5      | Reached skill level 6 in Unarmed Combat
  4270 | D:5      | Gained mutation: You have hoof-like feet. [demonic
                  | ancestry]
  4270 | D:5      | Reached XP level 8. HP: 61/61 MP: 8/8
  4422 | D:5      | Found a transporter.
  4449 | D:5      | Found a transporter.
  4523 | D:5      | Found a sacrificial altar of Ru.
  4693 | D:6      | Noticed a troll
  4702 | D:6      | Killed a troll
  4703 | D:6      | Reached skill level 5 in Fighting
  4703 | D:6      | Reached skill level 7 in Unarmed Combat
  4703 | D:6      | Reached skill level 5 in Shapeshifting
  4706 | D:6      | Noticed a boulder beetle
  5051 | D:6      | HP: 3/62 [boulder beetle (6)]
  5063 | D:6      | Slain by a boulder beetle

Illustrated notes

Levels and vault maps discovered:
D:1:      lightli_arrival_isolated_outpost, layout_loops_corners,
          shapermc_ecumenical_altar_flowoftime
D:2:      layout_loops_corners, uniq_terence, uniq_natasha
D:3:      layout_loops_ring, nicolae_qazlal_eye_of_the_storm,
          grunt_gozag_breadcrumbs, nicolae_grassy_gnolls, uniq_pargi
D:4:      layout_basic, uniq_grinder
D:5:      gammafunk_wand_slinger, layout_basic, hangedman_ru_absence
D:6:      layout_gridville, mainiacjoe_overflow_brackets,
          minmay_temple_entry_ruins, nrook_campfire, minmay_manual_mess

Skill      XL: |  1  2  3  4  5  6  7  8 |
---------------+-------------------------+-----
Unarmed Combat | 3 4 5 6 7 |  7.4
Shapeshifting  | 3 4 5 |  5.1
Fighting       | 2 3 4 5 |  5.3
Dodging        | |  1.7

Action                     |  1- 3 |  4- 6 |  7- 9 || total
---------------------------+-------+-------+-------++-------
  Melee: Unarmed           |    95 |   187 |   183 ||   465
         Punch             |     2 |     6 |     8 ||    16
         Kick              |       |       |    60 ||    60
  Evoke: Wand              |       |     1 |    14 ||    15
    Use: Potion            |       |     1 |     6 ||     7
         Scroll            |       |       |    10 ||    10
   Stab: Distracted        |       |       |     1 ||     1
 Armour: Animal skin       |    45 |       |       ||    45
         Ring mail         |     1 |    29 |       ||    30
         Chain mail        |       |    56 |   128 ||   184
         Scale mail        |       |    35 |       ||    35
         Skin              |       |     7 |   118 ||   125
  Dodge: Dodged            |    60 |    62 |    61 ||   183
  Block: Other             |     5 |    32 |    40 ||    77

Table legend: (Time is in decaauts)
 A = Elapsed time spent in this place.
 B = Non-inter-level travel time spent in this place.
 C = Inter-level travel time spent in this place.
 D = Time resting spent in this place.
 E = Time spent auto-exploring this place.
 F = Levels seen in this place.
 G = Mean time per level.
                   A        B        C        D        E       F      G
               +--------+--------+--------+--------+--------+-----+--------+
         Total |   5022 |   4943 |     79 |    401 |   3598 |   6 |  837.0 |
       Dungeon |   5022 |   4943 |     79 |    401 |   3598 |   6 |  837.0 |
               +--------+--------+--------+--------+--------+-----+--------+

Top non-repeatable levels by time:
     D:2: 1146 daAuts
     D:3: 1034 daAuts
     D:4: 976 daAuts
     D:1: 946 daAuts
     D:5: 553 daAuts
     D:6: 366 daAuts
